 Dungeon Crawl Stone Soup version 0.20-a0-71-g11d6418 (webtiles) character file.

95 KristoblXynda the Sneak (level 4, 0/42 HPs)
             Began as a Naga Monk on Nov 18, 2016.
             Was a Believer of Cheibriados.
             Slain by a phantom (5 damage)
             ... on level 4 of the Dungeon.
             The game lasted 00:05:50 (3010 turns).

KristoblXynda the Sneak (Naga Monk)                 Turns: 3010, Time: 00:05:50

Health: 0/42       AC:  2    Str: 16 (17) XL:     4   Next: 66%
Magic:  4/4        EV: 11    Int: 20 (21) God:    Cheibriados [**....]
Gold:   110        SH:  0    Dex: 16 (17) Spells: 0 memorised, 3 levels left

rFire  . . .     SeeInvis +     a - +0 spear
rCold  . . .     Gourm    .     b - +0 robe
rNeg   . . .     Faith    .     (no shield)
rPois  +         Spirit   .     (no helmet)
rElec  .         Reflect  .     (no cloak)
rCorr  .         Harm     .     (no gloves)
MR     +....                    (no barding)
Stlth  +++.......               (no amulet)
                                (no ring)
                                k - ring of protection from magic

@: brilliant, flying, very slightly contaminated, hasted, very slow
A: see invisible, deformed body, poison resistance, slowness 2, slow metabolism
1, spit poison 1, wild magic 2, AC +1
a: Spit Poison, Bend Time, Renounce Religion


You were on level 4 of the Dungeon.
You worshipped Cheibriados.
Cheibriados was pleased with you.
You were not hungry.

You visited 1 branch of the dungeon, and saw 4 of its levels.

You collected 110 gold pieces.

Inventory:

Hand Weapons
 a - a +0 spear (weapon)
Missiles
 r - a throwing net (quivered)
Armour
 b - a +0 robe (worn)
Jewellery
 k - a ring of protection from magic (left hand)
Scrolls
 g - 3 scrolls of fog {unknown}
 h - a scroll of recharging {unknown}
 i - a scroll of random uselessness {unknown}
 l - a scroll of fear {unknown}
 m - 4 scrolls of remove curse {unknown}
 o - 3 scrolls of identify {unknown}
 p - a scroll of magic mapping {unknown}
 q - a scroll of enchant armour {unknown}
 s - a scroll of amnesia {unknown}
 u - a scroll of teleportation {unknown}
 w - a scroll of noise {unknown}
Comestibles
 c - 3 bread rations
 f - 3 meat rations


   Skills:
 - Level 3.0 Fighting
 + Level 4.0 Polearms
 + Level 0.1 Armour
 - Level 3.2 Dodging
 + Level 4.5 Stealth


You had 3 spell levels left.
You didn't know any spells.

Dungeon Overview and Level Annotations

Branches:
Dungeon (4/15)
 Temple: D:4-7

Altars:
Ashenzari
Cheibriados
Okawaru
Vehumet


Innate Abilities, Weirdness & Mutations

You cannot wear boots.
Your serpentine skin is tough. (AC +1)
You have supernaturally acute eyesight. (SInv)
Armour fits poorly on your strangely shaped body.
Your system is resistant to poisons. (rPois)
You cover ground very slowly.
You have a slow metabolism.
You can spit poison.
Your spells are harder to cast, but more powerful.


Message History

Attack whom?
Press: ? - help, Dir - move target cursor, f/p - phantom
Aim: a phantom (severely damaged)
You closely miss the phantom.
The phantom is severely damaged.
The phantom hits you.
* * * LOW HITPOINT WARNING * * *
The phantom blinks!
Attack whom?
Press: ? - help, Dir - move target cursor, f/p - phantom
Aim: a phantom (severely damaged)
You barely miss the phantom.
The phantom is severely damaged.
Attack whom?
Press: ? - help, Dir - move target cursor, f/p - phantom
Aim: a phantom (severely damaged)
You hit the phantom.
The phantom is almost destroyed.
The phantom hits you.
You die...

########.#
#.#
#.##########
#..........#
#########.##
#.# #.# #ยง#
#@# #W# #.#
#.# #.#
########.##
........!.#
###########


You could see a phantom.

Vanquished Creatures
  4 adders
  A dart slug (D:1)
  2 leopard geckos
  An orc (D:3)
  5 bats
  4 giant cockroaches
  8 goblins
  5 hobgoblins
  8 jackals (D:3)
  3 kobolds
  2 frilled lizards (D:2)
  A jackal skeleton (D:3)
  7 rats
51 creatures vanquished.

Notes
Turn   | Place    | Note
-------+----------+-------------------------------------------
     0 | D:1      | KristoblXynda the Naga Monk began the quest for the Orb.
     0 | D:1      | Reached XP level 1. HP: 21/21 MP: 1/1
   221 | D:1      | Reached XP level 2. HP: 16/28 MP: 2/2
   966 | D:1      | Reached XP level 3. HP: 34/34 MP: 3/3
  1310 | D:2      | Found a radiant altar of Vehumet.
  1759 | D:3      | Reached XP level 4. HP: 35/42 MP: 4/4
  2645 | D:3      | Found an iron altar of Okawaru.
  2828 | D:3      | Found a snail-covered altar of Cheibriados.
  2829 | D:3      | Found a shattered altar of Ashenzari.
  2850 | D:3      | Became a worshipper of Cheibriados the Contemplative
  2850 | D:3      | Reached * piety under Cheibriados
  2850 | D:3      | Reached ** piety under Cheibriados
  2946 | D:4      | Noticed a phantom
  2991 | D:4      | Gained mutation: Your spells are a little harder to cast, but a little more powerful. [potion of mutation]
  2991 | D:4      | Gained mutation: Your spells are harder to cast, but more powerful. [potion of mutation]
  3010 | D:4      | Slain by a phantom

Vault maps used:
D:1:      kennysheep_arrival_forest, minmay_crystal_water
D:2:      old_standard_altar
D:3:      gammafunk_temple_overflow_pools, hangedman_decor_slide_cut,
          okawaru_ov_weapons_minmay
D:4:      fedhas_altar_1, first_bread, uniq_natasha

Skill      XL: |  1  2  3  4 |
---------------+-------------+-----
Dodging        | 3 |  3.2
Stealth        | 4 |  4.5
Polearms       | 4 |  4.0
Fighting       | |  3.0
Armour         | |  0.1

Action                   |  1- 3 |  4- 6 || total
-------------------------+-------+-------++-------
Melee: Spear             |   122 |   105 ||   227
 Abil: Spit Poison       |     9 |     8 ||    17
  Use: Potion            |       |     5 ||     5
 Stab: Sleeping          |     2 |     4 ||     6
       Distracted        |     1 |       ||     1
  Eat: Chunk             |     2 |     3 ||     5
       Beef jerky        |       |     1 ||     1
Armor: Robe              |    25 |    14 ||    39
Dodge: Dodged            |    67 |    55 ||   122
